 Dungeon Crawl Stone Soup version 0.20-b1-24-gb21faa7 (webtiles) character file.

95 Narcomancer the Shield-Bearer (level 4, 0/37 HPs)
             Began as a Barachi Fighter on May 25, 2017.
             Was an Initiate of Cheibriados.
             Succumbed to an adder's poison
             ... on level 3 of the Dungeon.
             The game lasted 00:21:38 (2202 turns).

Narcomancer the Shield-Bearer (Barachi Fighter)     Turns: 2202, Time: 00:21:39

Health: 0/37       AC:  7    Str: 20    XL:     4   Next: 66%
Magic:  4/4        EV:  7    Int:  9    God:    Cheibriados [......]
Gold:   175        SH: 10    Dex: 12    Spells: 3/3 levels left

rFire    + . .     SeeInvis .   a - +0 long sword
rCold    x . .     Gourm    .   c - +0 shield
rNeg     . . .     Faith    .   b - +0 scale mail
rPois    .         Spirit   .   (no helmet)
rElec    .         Reflect  .   (no cloak)
rCorr    .         Harm     .   (no gloves)
MR       .....                  (no boots)
Stlth    ..........             (no amulet)
Regen    0.2/turn               e - ring of fire
MPRegen  0.1/turn               (no ring)

@: lethally poisoned (0 -> -5), can't hop, very slow
A: +LOS, swims, slowness 1, strong legs 1
a: Hop, Bend Time, Renounce Religion


You were on level 3 of the Dungeon.
You worshipped Cheibriados.
Cheibriados was noncommittal.
You were not hungry.

You visited 1 branch of the dungeon, and saw 3 of its levels.

You collected 175 gold pieces.

Inventory:

Hand Weapons
 a - a +0 long sword (weapon)
Missiles
 g - 5 tomahawks (quivered)
 h - 25 arrows
 j - 3 javelins
 l - a throwing net
Armour
 b - a +0 scale mail (worn)
 c - a +0 shield (worn)
Jewellery
 e - a ring of fire (left hand)
Scrolls
 k - a scroll of random uselessness {unknown}
 n - a scroll of identify {unknown}
 o - a scroll of teleportation {unknown}
 q - a scroll of recharging {unknown}
 r - a scroll of amnesia {unknown}
 s - a scroll of remove curse {unknown}
Potions
 d - 3 potions of might
 i - a potion of haste {unknown}
 m - a potion of agility {unknown}
 p - a potion of curing {unknown}
Comestibles
 f - 4 bread rations
 t - a chunk of flesh


   Skills:
 - Level 3.7 Fighting
 - Level 2.6 Long Blades
 + Level 4.6 Armour
 - Level 5.0 Shields


You had 3 spell levels left.
You didn't know any spells.

Dungeon Overview and Level Annotations

Branches:
Dungeon (3/15)

Altars:
Cheibriados
Okawaru
Qazlal
Sif Muna

Annotations:
D:3 Grinder


Innate Abilities, Weirdness & Mutations

Shadows flee at your approach. (+LOS)
You can swim through water.
You cover ground slowly.
You can hop short distances.


Message History

The adder bites you but does no damage. x2; Jessica barely misses you.
You hit Jessica.
You kill Jessica!
Cheibriados appreciates the change of pace.
You block the adder's attack. x2
Press: ? - help, v - describe, . - travel
Here: Grinder The floor.
You miss the adder. You block the adder's attack. The adder bites you.
You are more poisoned.
The adder poisons you!
You closely miss the adder.
You feel sick. The adder completely misses you.
The adder bites you but does no damage.
Hop to where?
Press: ? - help, Dir - move target cursor Boing!
You feel sick. Grinder gestures at you. Pain shoots through your body!
* * * LOW HITPOINT WARNING * * *
You die...

#.................
#.................
#.................
#.................
#.......##########
#.......#
#.......#
#.......#
#@......#
#.......#
#..[....#
#..S5...#
#.......#
#.......#
#.......#
#.........
#...........


You could see Grinder and an adder.

Vanquished Creatures
  Jessica (D:3)
  4 worms
  3 dart slugs (D:1)
  2 leopard geckos
  An orc (D:3)
  2 giant cockroaches
  5 goblins
  5 hobgoblins
  4 jackals (D:3)
  4 kobolds
  A quokka (D:3)
  2 ball pythons (D:1)
  5 bats
  3 frilled lizards
  7 rats
49 creatures vanquished.

Notes
Turn   | Place    | Note
-------+----------+-------------------------------------------
     0 | D:1      | Narcomancer the Barachi Fighter began the quest for the Orb.
     0 | D:1      | Reached XP level 1. HP: 18/18 MP: 1/1
   147 | D:1      | Reached XP level 2. HP: 24/25 MP: 2/2
   287 | D:1      | Reached skill level 4 in Shields
   503 | D:1      | Reached XP level 3. HP: 29/30 MP: 3/3
  1861 | D:3      | Reached skill level 5 in Shields
  1957 | D:3      | Reached XP level 4. HP: 37/37 MP: 4/4
  2010 | D:3      | Found a stormy altar of Qazlal.
  2011 | D:3      | Found a snail-covered altar of Cheibriados.
  2017 | D:3      | Found an iron altar of Okawaru.
  2018 | D:3      | Found a deep blue altar of Sif Muna.
  2029 | D:3      | Became a worshipper of Cheibriados the Contemplative
  2185 | D:3      | Noticed Jessica
  2186 | D:3      | Noticed Grinder
  2198 | D:3      | Killed Jessica
  2201 | D:3      | HP: 1/37 [Grinder/nerve-wracking pain (14)]
  2202 | D:3      | Succumbed to an adder's poison

Skill      XL: |  1  2  3  4 |
---------------+-------------+-----
Shields        | 4 5 |  5.0
Armour         | 4 |  4.6
Fighting       | |  3.7
Long Blades    | |  2.6

Action                   |  1- 3 |  4- 6 || total
-------------------------+-------+-------++-------
Melee: Long sword        |   114 |    42 ||   156
 Abil: Hop               |     2 |     3 ||     5
  Eat: Chunk             |     4 |     1 ||     5
Armor: Scale mail        |    30 |    20 ||    50
Dodge: Dodged            |    39 |    12 ||    51
Block: Shield            |    57 |    22 ||    79
       Rpst.: Long sword |    13 |     5 ||    18
